 Dungeon Crawl Stone Soup version 0.30-a0-585-g93115170b9 (webtiles) character file.

Game seed: 6035732164846899673

10 Citaku the Covered (level 2, -2/19 HPs)
             Began as a Human Wanderer on Jan 2, 2023.
             Slain by a hobgoblin (3 damage)
             ... on level 1 of the Dungeon.
             The game lasted 00:00:32 (176 turns).

Citaku the Covered (Human Wanderer)                  Turns: 176, Time: 00:00:32

Health: -2/19      AC:  9    Str: 12    XL:     2   Next: 30%
Magic:  5/5        EV:  8    Int: 11    God:
Gold:   28         SH:  0    Dex: 13    Spells: 4/5 levels left

rFire   . . .      SeeInvis .    a - +0 dagger
rCold   . . .      Faith    .    (no shield)
rNeg    . . .      Spirit   .    d - +2 scale mail
rPois   .          Reflect  .    (no helmet)
rElec   .          Harm     .    (no cloak)
rCorr   .          Rampage  .    (no gloves)
Will    .....                    (no boots) Stlth
                                 (no amulet)
HPRegen 0.23/turn                (no ring)
MPRegen 0.09/turn                (no ring)

@: no status effects
A: no striking features
a: no special abilities


You were on level 1 of the Dungeon.
You visited 1 branch of the dungeon, and saw 1 of its levels.

You collected 28 gold pieces.

Inventory:

Hand Weapons
 a - a +0 dagger (weapon)
Armour
 d - a +2 scale mail (worn)
Scrolls
 b - a scroll of vulnerability
 c - a scroll of teleportation
 e - 2 scrolls of identify {unknown}
 f - a scroll of noise {unknown}


   Skills:
 + Level 1.2 Throwing
 + Level 5.0 Armour
 + Level 2.1 Spellcasting
 + Level 1.2 Necromancy
 + Level 1.3 Invocations


You had 4 spell levels left.
You knew the following spells:

 Your Spells              Type           Power      Damage    Failure   Level
a - Kiss of Death         Conj/Necr      8%         2d6       71%         1

Your spell library contained the following spells:

 Spells                   Type           Power      Damage    Failure   Level
 Vampiric Draining        Necr           4%         2d6       94%         3


Dungeon Overview and Level Annotations

Branches:
Dungeon (1/15)

Altars:


Message History

The hobgoblin hits you but does no damage.
You hit the hobgoblin.
You kill the hobgoblin!
The goblin hits you but does no damage. The hobgoblin completely misses you.
The goblin hits you but does no damage.
You hit the goblin.
The goblin is severely wounded.
The hobgoblin hits you but does no damage.
The goblin completely misses you.
You hit the goblin.
You kill the goblin!
The hobgoblin hits you but does no damage.
You hit the endoplasm but do no damage.
The endoplasm hits you but does no damage.
The hobgoblin hits you but does no damage.
You hit the endoplasm.
The endoplasm is heavily wounded.
The endoplasm hits you but does no damage.
The hobgoblin hits you.
You hit the endoplasm.
The endoplasm is severely wounded.
The endoplasm hits you but does no damage.
The hobgoblin hits you.
You hit the endoplasm but do no damage.
The endoplasm is severely wounded.
The endoplasm freezes you.
You are frozen.
* * * LOW HITPOINT WARNING * * *
The hobgoblin barely misses you.
You barely miss the endoplasm.
The endoplasm is severely wounded.
The endoplasm hits you but does no damage.
The hobgoblin hits you but does no damage.
You hit the endoplasm.
The endoplasm is almost dead.
The endoplasm freezes you.
You are frozen.
* * * LOW HITPOINT WARNING * * *
The hobgoblin hits you.
You die...

...######.#
#.
......(...#
#..+
..#####.(##
...+
###....## .
+ #[..##.#
+ #†####.#
+ #†# #.# +
##.# #.#
#.# #@.#
#.. #..
#.....gJ##
### #...
#........
#..#
#.....####
#.# #.....
#.. #..$..
... ###..
.. ...


You could see an endoplasm and a hobgoblin.

Vanquished Creatures
  A dart slug (D:1)
  2 bats (D:1)
  A goblin (D:1)
  A hobgoblin (D:1)
  A quokka (D:1)
  A ball python (D:1)
  A rat (D:1)
8 creatures vanquished.

Notes
Turn   | Place    | Note
-------+----------+-------------------------------------------
     0 | D:1      | Citaku the Human Wanderer began the quest for the Orb.
     0 | D:1      | Citaku set off with the following items: a +0 dagger, a
                  | scroll of vulnerability, a scroll of teleportation, a +2
                  | scale mail; and the following spell memorised: Kiss of
                  | Death; and the following spells available to memorise:
                  | Vampiric Draining.
     0 | D:1      | Reached XP level 1. HP: 13/13 MP: 3/3
   155 | D:1      | Reached XP level 2. HP: 14/19 MP: 5/5
   176 | D:1      | Slain by a hobgoblin

Illustrated notes

Levels and vault maps discovered:
D:1:      lightli_arrival_maybe_door_vault, layout_rooms, skrybe_limestone_x,
          nrook_loot_triangle, minmay_tall_x

Action                   || total
-------------------------++-------
Melee: Dagger            ||    45
Armor: Scale mail        ||    37
Dodge: Dodged            ||    18

Table legend: (Time is in decaauts)
 A = Elapsed time spent in this place.
 B = Non-inter-level travel time spent in this place.
 C = Inter-level travel time spent in this place.
 D = Time resting spent in this place.
 E = Time spent auto-exploring this place.
 F = Levels seen in this place.
 G = Mean time per level.
                   A        B        C        D        E       F      G
               +--------+--------+--------+--------+--------+-----+--------+
         Total |    176 |    176 |      0 |      0 |     87 |   1 |  176.0 |
       Dungeon |    176 |    176 |      0 |      0 |     87 |   1 |  176.0 |
               +--------+--------+--------+--------+--------+-----+--------+

Top non-repeatable levels by time:
     D:1: 176 daAuts
